 Dungeon Crawl Stone Soup version 0.30.0-29-ga12c61a403 (webtiles) character file.

Game seed: 1296193904329276889

1848 ANNNA the Chiller (level 8, -11/59 HPs)
             Began as a Black Draconian Ice Elementalist on June 24, 2023.
             Mangled by an orc warrior
             ... wielding a +0 glaive
              (16 damage)
             ... on level 7 of the Dungeon.
             The game lasted 00:31:50 (7175 turns).

ANNNA the Chiller (DrIE)                            Turns: 7175, Time: 00:31:50

Health: -11/59     AC:  6    Str: 12    XL:     8   Next: 88%
Magic:  14/17      EV: 13    Int: 16    God:
Gold:   617        SH:  0    Dex: 12    Spells: 5/19 levels left

rFire   . . .        g - +0 trident
rCold   . . .        (no shield)
rNeg    . . .        (body armour unavailable)
rPois   .            (helmet restricted)
rElec   +            (no cloak)
rCorr   .            (no gloves)
SInv    .            (no boots)
Will    .....        f - amulet of regeneration
Stlth   ++           (no ring)
HPRegen 1.09/turn    (no ring)
MPRegen 0.15/turn

%: no passive effects
@: freezing walls, attractive
A: breathe lightning, AC +6, unfitting armour, electricity resistance,
cold-blooded
a: Breathe Lightning


You were on level 7 of the Dungeon.
You visited 2 branches of the dungeon, and saw 8 of its levels.
You also visited: Ossuary.

You collected 617 gold pieces.

Inventory:

Hand Weapons
 g - a +0 trident (weapon)
 h - a +0 dagger of pain
 z - a +2 short sword of protection
Missiles
 i - 41 poisoned darts
 o - 43 stones (quivered)
Magical Staves
 e - a staff of cold
Jewellery
 f - an amulet of regeneration (around neck)
 E - an amulet of the acrobat
Wands
 k - a wand of flame (6)
 y - a wand of acid (11)
 D - a wand of roots (10)
Scrolls
 b - 2 scrolls of noise
 c - 2 scrolls of fear
 n - 2 scrolls of immolation
 p - 2 scrolls of enchant weapon
 s - 4 scrolls of teleportation
 t - a scroll of vulnerability {unknown}
 x - 2 scrolls of enchant armour {unknown}
 A - a scroll of brand weapon {unknown}
Potions
 a - 3 potions of magic
 d - a potion of attraction
 j - 3 potions of flight
 l - 3 potions of curing
 m - 2 potions of brilliance
 q - a potion of resistance {unknown}
 r - a potion of haste {unknown}
 v - 2 potions of ambrosia {unknown}
 w - a potion of invisibility {unknown}
 B - a potion of lignification {unknown}
 C - 2 potions of heal wounds {unknown}


   Skills:
 + Level 1.5 Fighting
 + Level 2.3 Short Blades
 * Level 1.7 Polearms
 + Level 0.4 Throwing
 * Level 4.6 Dodging
 + Level 3.1 Stealth
 + Level 6.4 Spellcasting
 + Level 6.6 Ice Magic
 * Level 2.8 Earth Magic


You had 5 spell levels left.
You knew the following spells:

 Your Spells              Type           Power      Damage    Failure   Level
a - Freeze                Ice            100%       1d10      1%          1
b - Frozen Ramparts       Ice            52%        1d8       2%          3
c - Ozocubu's Armour      Ice            26%        N/A       2%          3
d - Passwall              Tmut/Erth      7%         N/A       11%         2
e - Stone Arrow           Conj/Erth      18%        3d8       22%         3
f - Blink                 Tloc           10%        N/A       21%         2

Your spell library contained the following spells:

 Spells                   Type           Power      Damage    Failure   Level
 Sandblast                Erth           28%        2d8       4%          1
 Magic Dart               Conj           20%        1d4       13%         1
 Call Imp                 Summ           10%        N/A       21%         2
 Lesser Beckoning         Tloc           10%        N/A       21%         2
 Momentum Strike          Conj/Tloc      10%        3d8       21%         2
 Summon Ice Beast         Ice/Summ       15%        N/A       34%         4
 Call Canine Familiar     Summ           5%         N/A       36%         3
 Mephitic Cloud           Conj/Pois/Air  5%         N/A       36%         3
 Portal Projectile        Hex/Tloc       10%        N/A       36%         3
 Leda's Liquefaction      Hex/Erth       4%         N/A       58%         4


Dungeon Overview and Level Annotations

Branches:
Dungeon (7/15)             Temple (1/1) D:6         Ossuary (visited)

Altars:
Cheibriados
Dithmenos
Elyvilon
Gozag
Hepliaklqana
Kikubaaqudgha
Makhleb
Nemelex Xobeh
Okawaru
Qazlal
Sif Muna
Trog
Yredelemnul
The Shining One

Shops:
D:6 ?

Annotations:
D:2 Sigmund


Innate Abilities, Weirdness & Mutations

You can breathe wild blasts of lightning.
Your glossy black scales are hard. (AC +6)
You cannot fit into any form of body armour.
You are resistant to electric shocks. (rElec)
You are cold-blooded and may be slowed by cold attacks.


Message History

Press: ? - help, Shift-Dir - straight line, f/p - iguana
Aim: an iguana (almost dead, slow)
You freeze the iguana.
You kill the iguana!
Your icy armour cracks and falls away as you move.
The frozen ramparts melt away as you move.
There is a stone staircase leading down here.
You start resting.
An orc warrior comes into view. It is wielding a +0 glaive.
You start resting.
An orc warrior is nearby!
An orc comes into view.
It is wielding a +0 club and carrying a wand of roots (6).
An orc comes into view. It is wielding a +0 club.
The orc shouts!
There is a stone staircase leading down here.
The orc warrior shouts!
You hear a shout!
An orc priest comes into view. It is wielding a +0 flail.
The orc shouts!
An orc wizard comes into view. It is wielding a +3 dagger.
The orc warrior hits you from afar with a +0 glaive!
The orc priest calls down the wrath of Beogh upon you.
Beogh smites you!
The orc wizard shouts!
The orc warrior hits you with a +0 glaive!
Casting: Freeze (safe; 1% risk of failure)
Confirm with . or Enter, or press ? or * to list all spells.
Casting: Frozen Ramparts (dangerous; 2% risk of failure)
Press: ? - help, Dir - look around, f - activate The walls around you are covered in ice.
The wall freezes the orc warrior but does no damage.
The orc warrior hits you with a +0 glaive!
* * * LOW HITPOINT WARNING * * *
The wall freezes the orc.
The wall freezes the orc!
You kill the orc!
The wall freezes the orc priest!
It was a potion of attraction.
You feel attractive to monsters.
The wall freezes the orc warrior but does no damage.
The orc warrior hits you with a +0 glaive!
You die...

......#.#..#
#..##.#
..........###..##.#
..............##.#
..........##..##.#
#......<...)[##.#
#..>.....###.##.#
#.......## #.##.#
#......o####.##.#
####...ooo@..##.#
........####.##.###
..##..#.###..)....#
#...#.##..####.#
#..###.#..# #.# #.#
#...†# #.# #.#
#..P♣......# ##
#.~~~~.~.P..
#..~~~~~P~~P.#


You could see an orc warrior, an orc priest, an orc wizard and an orc.

Vanquished Creatures
  A water moccasin (D:6)
  Duvessa (D:4)
  An ogre (D:6)
  A centaur (D:7)
  A phantom (D:5)
  2 kobold brigands (D:6)
  A bullfrog (D:6)
  2 scorpions (D:4)
  4 wights
  Dowan (D:4)
  4 electric eels (D:6)
  A howler monkey (D:7)
  2 hounds (D:4)
  A jelly (D:6)
  2 sleepcaps (D:7)
  Jessica (D:2)
  2 iguanas (D:7)
  An orc wizard (D:5)
  8 mummies (Ossuary)
  Robin (D:3)
  4 gnolls
  10 adders
  2 white imps (D:6)
  2 worms
  6 dart slugs
  18 orcs
  2 giant cockroaches
  2 gnoll zombies (Ossuary)
  13 hobgoblins
  19 kobolds
  3 quokkas
  10 ball pythons
  6 bats
  9 frilled lizards
  10 goblins
  2 hobgoblin zombies (Ossuary)
  2 kobold zombies (Ossuary)
  2 orc zombies (Ossuary)
  2 rats
162 creatures vanquished.

Notes
Turn   | Place    | Note
-------+----------+-------------------------------------------
     0 | D:1      | ANNNA the Draconian Ice Elementalist began the quest for
                  | the Orb.
     0 | D:1      | Reached XP level 1. HP: 14/14 MP: 3/3
   242 | D:1      | Reached XP level 2. HP: 20/20 MP: 1/5
   847 | D:2      | Noticed Jessica
   924 | D:2      | Killed Jessica
   925 | D:2      | Reached XP level 3. HP: 18/26 MP: 1/7
  1112 | D:2      | Reached XP level 4. HP: 33/33 MP: 8/8
  1282 | D:2      | Noticed Sigmund
  1323 | D:2      | Learned a level 3 spell: Frozen Ramparts
  1327 | D:2      | Learned a level 3 spell: Ozocubu's Armour
  1814 | D:3      | Noticed Robin
  2139 | D:3      | Killed Robin
  2360 | D:3      | Reached XP level 5. HP: 38/38 MP: 2/9
  2459 | D:3      | Found a sparkling altar of Nemelex Xobeh.
  3063 | D:4      | Reached XP level 6. HP: 45/46 MP: 1/11
  3115 | D:4      | Reached skill level 1 in Short Blades
  3115 | D:4      | Reached skill level 5 in Ice Magic
  3192 | D:4      | Noticed Duvessa
  3192 | D:4      | Noticed Dowan
  3215 | D:4      | Found a sand-covered staircase.
  3224 | Ossuary  | Entered an ossuary
  3970 | Ossuary  | Learned a level 2 spell: Passwall
  3974 | Ossuary  | Learned a level 3 spell: Stone Arrow
  4004 | D:4      | Killed Dowan
  4005 | D:4      | Your scales start taking on a glossy black colour.
  4005 | D:4      | Reached XP level 7. HP: 51/51 MP: 4/13
  4005 | D:4      | Gained mutation: You are resistant to electric shocks.
                  | (rElec) [Black Draconian growth]
  4126 | D:4      | Killed Duvessa
  4375 | D:5      | Entered Level 5 of the Dungeon
  4500 | D:5      | Found an opulent altar of Gozag.
  4592 | D:5      | Reached skill level 5 in Spellcasting
  5164 | D:6      | Found Yhufol's Magic Scroll Emporium.
  5177 | D:6      | Learned a level 2 spell: Blink
  5211 | D:6      | Reached skill level 1 in Fighting
  5211 | D:6      | Reached skill level 1 in Earth Magic
  5276 | D:6      | Found a staircase to the Ecumenical Temple.
  5285 | Temple   | Entered the Ecumenical Temple
  5611 | D:6      | Reached XP level 8. HP: 52/59 MP: 9/16
  6715 | D:7      | Reached skill level 1 in Polearms
  7175 | D:7      | Mangled by an orc warrior

Illustrated notes

Levels and vault maps discovered:
D:1:      dpeg_arrival_windows_large_door, layout_basic
D:2:      layout_rooms, patterned_corridor, uniq_jessica, uniq_sigmund
D:3:      layout_basic, nemelex_spade_bored_becter, uniq_robin
D:4:      layout_cave_pools, nicolae_ossuary_entry_plus, st_stairs_7,
          uniq_duvessa
D:5:      layout_cave_pools, nicolae_gozag_cash_rules_everything_around_me,
          serial_bayou_crossing
D:6:      layout_loops_cross, temple_statues, serial_shops, shop_fountains,
          chequers_big_river
D:7:      layout_loops_ring, grunt_temple_overflow_open,
          corexii_leaking_fountain, serial_bayou_pond_b, minivault_23,
          hangedman_decor_lopped
Temple:   nicolae_temple_slightly_damp_pantheon

Skill      XL: |  1  2  3  4  5  6  7  8 |
---------------+-------------------------+-----
Dodging        | 2 3 4 |  4.6
Spellcasting   | 3 4 5 6 |  6.4
Stealth        | 2 3 |  3.1
Short Blades   | 1 2 |  2.3
Ice Magic      | 5 6 |  6.6
Fighting       | 1 |  1.5
Earth Magic    | 1 2 |  2.8
Polearms       | 1 |  1.7
Throwing       | |  0.4

Action                     |  1- 3 |  4- 6 |  7- 9 || total
---------------------------+-------+-------+-------++-------
  Melee: Unarmed           |     7 |       |       ||     7
         Dagger            |    21 |   234 |     1 ||   256
         Tailslap          |     1 |    43 |    30 ||    74
         Punch             |       |     3 |     6 ||     9
         Short sword       |       |       |   140 ||   140
         Trident           |       |       |    58 ||    58
  Throw: Dart              |       |     5 |       ||     5
         Stone             |       |     3 |     1 ||     4
   Cast: Freeze            |    42 |    78 |    58 ||   178
         Frozen Ramparts   |       |    14 |    18 ||    32
         Ozocubu's Armour  |       |     9 |    17 ||    26
Ability: Breathe Lightning |       |       |     4 ||     4
  Evoke: Wand              |       |     1 |       ||     1
    Use: Scroll            |     3 |     2 |     5 ||    10
         Potion            |       |       |     1 ||     1
   Stab: Sleeping          |     1 |     4 |     2 ||     7
         Distracted        |       |     1 |       ||     1
 Armour: Skin              |    22 |    98 |    83 ||   203
  Dodge: Dodged            |    42 |   186 |   144 ||   372
